 Seeded DCSS version 0.29-a0-824-gd827844252 (webtiles) character file.

Game seed: 719137104679158136 (custom seed)

121 flotson the Sneak (level 4, -1/36 HPs)
             Began as a Demonspawn Delver on July 9, 2022.
             Slain by a gnoll
             ... wielding a +0 club
              (4 damage)
             ... on level 3 of the Dungeon.
             The game lasted 00:03:34 (2773 turns).

flotson the Sneak (Demonspawn Delver)               Turns: 2773, Time: 00:03:34

Health: -1/36      AC:  4    Str: 14    XL:     4   Next: 76%
Magic:  4/4        EV: 12    Int: 12    God:
Gold:   160        SH:  4    Dex: 14    Spells: 3/3 levels left

rFire   + . .      SeeInvis .   a - +0 spear
rCold   . . .      Faith    .   (no shield)
rNeg    . . .      Spirit   .   i - +1 leather armour {rF+}
rPois   .          Reflect  .   (no helmet)
rElec   .          Harm     .   (no cloak)
rCorr   .          Rampage  .   (no gloves)
Will    .....                   (no boots)
Stlth   ++........              (no amulet)
HPRegen 0.12/turn               (no ring)
MPRegen 0.09/turn               (no ring)

@: no status effects
A: condensation shield, weakness stinger 1
a: no special abilities


You were on level 3 of the Dungeon.
You visited 1 branch of the dungeon, and saw 5 of its levels.

You collected 160 gold pieces.

Inventory:

Hand Weapons
 a - a +0 spear (weapon)
Armour
 i - a +1 leather armour of fire resistance (worn)
Wands
 g - a wand of digging (3)
Scrolls
 c - 2 scrolls of fog
 d - a scroll of vulnerability {unknown}
 e - a scroll of fear
 h - 2 scrolls of amnesia {unknown}
 k - a scroll of poison {unknown}
 l - 4 scrolls of identify {unknown}
 m - 2 scrolls of enchant weapon {unknown}
 o - a scroll of blinking {unknown}
 q - a scroll of brand weapon {unknown}
Potions
 b - a potion of degeneration {unknown}
 f - a potion of haste
 j - a potion of heal wounds {unknown}
 n - a potion of berserk rage {unknown}
 p - a potion of flight {unknown}
 r - a potion of might {unknown}


   Skills:
 + Level 3.6 Fighting
 + Level 1.5(2.0) Axes
 - Level 1.7(2.1) Polearms
 + Level 1.5 Armour
 + Level 2.5 Dodging
 - Level 4.5 Stealth
 + Level 1.7 Evocations


You had 3 spell levels left.
You didn't know any spells.
Your spell library was empty.

Dungeon Overview and Level Annotations

Branches:
Dungeon (5/15)
 Temple: D:4-7

Altars:
Ashenzari

Shops:
D:2 [


Innate Abilities, Weirdness & Mutations

A meltable shield of frost defends you. (SH +4)
You have a small tail.


Message History

2 gnolls come into view.
Things that are here:
a +0 club; a gnoll corpse The gnoll shouts! x2; You hear a shout!
A gnoll comes into view. It is wielding a +0 club.
You hit the gnoll but do no damage. The gnoll hits you with a +0 flail.
You hit the gnoll. You tail-slap the gnoll.
The gnoll is heavily wounded.
The gnoll hits you with a +0 flail!
You hit the gnoll but do no damage.
Your tail-slap misses the gnoll.
You punch the gnoll, but do no damage.
The gnoll is moderately wounded.
The gnoll barely misses you.
You barely miss the gnoll.
The gnoll is moderately wounded.
You block the gnoll's attack.
You hit the gnoll.
The gnoll is severely wounded.
You block the gnoll's attack.
You barely miss the gnoll.
The gnoll is severely wounded.
The gnoll hits you with a +0 flail.
You are too injured to fight recklessly!
You are too injured to fight recklessly!
You are too injured to fight recklessly!
You are too injured to fight recklessly!
You are too injured to fight recklessly!
You are too injured to fight recklessly!
You are too injured to fight recklessly!
You hit the gnoll.
The gnoll is almost dead.
The gnoll hits you with a +0 flail.
You hit the gnoll.
The gnoll is almost dead.
The gnoll hits you with a +0 flail!
* * * LOW HITPOINT WARNING * * *
You hit the gnoll.
You kill the gnoll!
You completely miss the gnoll. The gnoll hits you with a +0 club.
You die...

#.#.# #.#.#
#.#.# #.#.#
### #.#.# ..#
###.#.# #.#
#.....# #g#
#.#.### #g#
...#.#######@#
###
#....)..).#
###########


You could see 2 gnolls.

Vanquished Creatures
  4 adders
  2 gnolls (D:3)
  2 dart slugs (D:1)
  An orc (D:3)
  7 bats (D:1)
  5 endoplasms
  A giant cockroach (D:3)
  7 goblins
  6 hobgoblins
  5 jackals
  7 kobolds
  5 ball pythons
  4 frilled lizards
  4 rats
60 creatures vanquished.

Notes
Turn   | Place    | Note
-------+----------+-------------------------------------------
     0 | D:5      | flotson the Demonspawn Delver began the quest for the Orb.
     0 | D:5      | Reached XP level 1. HP: 18/18 MP: 1/1
    32 | D:4      | Noticed an iguana
   138 | D:4      | Noticed a necrophage
   159 | D:4      | Noticed a necrophage
   483 | D:2      | Gained mutation: You have a small tail. [demonic ancestry]
   483 | D:2      | Reached XP level 2. HP: 24/24 MP: 2/2
   483 | D:2      | Found a broken altar of Ashenzari.
   757 | D:1      | Found a faded altar of an unknown god.
   838 | D:1      | Reached skill level 1 in Evocations
   838 | D:1      | Gained mutation: A meltable shield of frost defends you.
                  | (SH +4) [demonic ancestry]
   838 | D:1      | Reached XP level 3. HP: 29/29 MP: 3/3
  1005 | D:1      | Reached skill level 1 in Armour
  1208 | D:1      | Reached skill level 1 in Axes
  1691 | D:2      | Found Ezisam's Antique Armour Shop.
  1741 | D:2      | Reached XP level 4. HP: 35/35 MP: 4/4
  2773 | D:3      | Slain by a gnoll

Illustrated notes

Levels and vault maps discovered:
D:1:      amcnicky_arrival_wind_blow, layout_basic,
          hellmonk_ecumenical_altar_heavens_door, grunt_decor_one_mirror,
          nrook_loot_triangle
D:2:      layout_basic, serial_shops, shop, basic_altar
D:3:      layout_basic
D:4:      layout_gridville, uniq_duvessa, uniq_pikel
D:5:      layout_basic

Skill      XL: |  1  2  3 |
---------------+----------+-----
Dodging        | 2 |  2.5
Evocations     | 1 |  1.7
Armour         | 1 |  1.5
Axes           | 1 |  1.5
Fighting       | |  3.6
Polearms       | |  1.7
Stealth        | |  4.5

Action                   |  1- 3 |  4- 6 || total
-------------------------+-------+-------++-------
Melee: Spear             |   123 |    81 ||   204
       Punch             |     1 |     1 ||     2
       Tailslap          |     8 |    10 ||    18
  Use: Scroll            |     1 |       ||     1
 Stab: Sleeping          |    11 |     4 ||    15
       Distracted        |     1 |       ||     1
Armor: Leather armour    |    25 |     8 ||    33
Dodge: Dodged            |    66 |    24 ||    90
Block: Other             |    10 |     6 ||    16

Table legend: (Time is in decaauts)
 A = Elapsed time spent in this place.
 B = Non-inter-level travel time spent in this place.
 C = Inter-level travel time spent in this place.
 D = Time resting spent in this place.
 E = Time spent auto-exploring this place.
 F = Levels seen in this place.
 G = Mean time per level.
                   A        B        C        D        E       F      G
               +--------+--------+--------+--------+--------+-----+--------+
         Total |   2773 |   2682 |     91 |    144 |   2015 |   5 |  554.6 |
       Dungeon |   2773 |   2682 |     91 |    144 |   2015 |   5 |  554.6 |
               +--------+--------+--------+--------+--------+-----+--------+

Top non-repeatable levels by time:
     D:1: 958 daAuts
     D:2: 847 daAuts
     D:3: 797 daAuts
     D:4: 108 daAuts
     D:5: 61 daAuts
